 Dungeon Crawl Stone Soup version 0.24.0-37-gcf1ca852f1 (webtiles) character file.

Game seed: 1974704741634693923, levelgen mode: deterministic

131 Descartes the Grasshopper (level 4, -1/20 HPs)
             Began as a Felid Warper on Dec 8, 2019.
             Slain by a gnoll
             ... wielding a +0 halberd
              (7 damage)
             ... on level 3 of the Dungeon.
             The game lasted 00:07:54 (3438 turns).

Descartes the Grasshopper (Felid Warper)            Turns: 3438, Time: 00:07:54

Health: -1/20      AC:  1    Str:  8    XL:     4   Next: 91%
Magic:  8/8        EV: 19    Int: 14    God:
Gold:   208        SH:  0    Dex: 15    Spells: 0/7 levels left
                                        Lives:  0   Deaths: 1

rFire    . . .     SeeInvis +     - Unarmed
rCold    . . .     Gourm    .   (shield unavailable)
rNeg     . . .     Faith    .   (armour unavailable)
rPois    .         Spirit   .   (helmet unavailable)
rElec    .         Reflect  .   (cloak unavailable)
rCorr    .         Harm     .   (gloves unavailable)
MR       .....                  (boots unavailable)
Stlth    +++.......             (no amulet)
HPRegen  0.06/turn              (no ring)
MPRegen  0.11/turn              (no ring)

@: quick
A: very small, no armour, no weapons or thrown items, stealth, claws 1, fangs 3,
see invisible, carnivore, speed 1, shaggy fur 1, slow metabolism 1, sharp paws
a: no special abilities


You were on level 3 of the Dungeon.
You were completely stuffed.

You visited 1 branch of the dungeon, and saw 3 of its levels.

You collected 208 gold pieces.

Inventory:

Missiles
 d - 160 stones
 h - 55 arrows
Jewellery
 n - a cursed ring of teleportation {unknown}
Scrolls
 a - 3 scrolls of identify {unknown}
 b - 3 scrolls of blinking
 e - 5 scrolls of remove curse {unknown}
 g - a scroll of amnesia {unknown}
 i - 2 scrolls of enchant weapon {unknown}
 k - a scroll of fear {unknown}
 m - a scroll of random uselessness {unknown}
Potions
 f - a potion of degeneration
 j - a potion of invisibility {unknown}
Comestibles
 c - 7 rations
 l - a chunk of flesh


   Skills:
 + Level 2.8 Fighting
 + Level 4.1 Dodging
 + Level 2.5 Stealth
 * Level 3.5 Unarmed Combat
 - Level 2.0 Spellcasting
 + Level 1.7 Charms
 - Level 5.0 Translocations


You couldn't memorise any spells.
You knew the following spells:

 Your Spells              Type           Power        Failure   Level  Hunger
a - Blink                 Tloc           N/A          4%          2    ###....
b - Shroud of Golubria    Chrm/Tloc      ##....       9%          2    ###....
c - Teleport Other        Tloc           ###.....     9%          3    ####...

Your spell library contained the following spells:

 Spells                   Type           Power        Failure   Level  Hunger
 Gell's Gravitas          Tloc           ###.......   9%          3    ####...
 Lesser Beckoning         Tloc           ###.......   9%          3    ####...
 Passage of Golubria      Tloc           N/A          30%         4    #####..


Dungeon Overview and Level Annotations

Branches:
Dungeon (3/15)

Altars:
Ru

Annotations:
D:2 1 runed translucent door, Crazy Yiuf


Innate Abilities, Weirdness & Mutations

You cannot wear armour.
You are incapable of wielding weapons or throwing items.
Your paws allow you to move quietly. (Stealth)
You have sharp claws.
You have razor-sharp teeth.
You have supernaturally acute eyesight. (SInv)
You are carnivorous and can eat meat at any time.
You cover ground quickly.
You are covered in fur. (AC +1)
You have a slow metabolism.
Your sharp claws are effective at attacking unaware monsters.


Message History

You closely miss the rat. Your bite misses the rat. The rat bites you.
You closely miss the rat. Your claw misses the rat.
The gnoll closely misses you.
You scratch the rat.
You kill the rat!
The gnoll misses you.
You see here a rat corpse.
You scratch the gnoll.
The gnoll is lightly wounded.
The gnoll misses you.
The shadow imp lashes its tail.
You scratch the gnoll.
The gnoll is severely wounded.
The gnoll hits you with a +0 halberd!
Ouch! That really hurt!
* * * LOW HITPOINT WARNING * * *
You closely miss the gnoll.
The gnoll is severely wounded.
The gnoll hits you with a +0 halberd!
You die...

#####.........###################
......>..........................
.####....##################......
.........### #.##...
...........## #.#####
.......#+#..# #.##### ......##
##.## #.....) ......#
#..#################### .....##
##..5g@.†.............. .....#
#...################## .....+
#....## ....#########....# ###.#
...g..#r..## ##..# 5.b..r'..##
#...# .g....#.####
#...#########....# #....+ #.....#


You could see a gnoll and a shadow imp.

Vanquished Creatures
  6 adders
  2 oozes
  2 worms
  3 dart slugs
  4 leopard geckos
  8 orcs (D:3)
  8 giant cockroaches
  5 goblins
  12 hobgoblins
  2 jackals (D:2)
  A quokka (D:2)
  2 ball pythons
  11 bats
  4 frilled lizards
  8 kobolds
  5 rats
83 creatures vanquished.

Notes
Turn   | Place    | Note
-------+----------+-------------------------------------------
     0 | D:1      | Descartes the Felid Warper began the quest for the Orb.
     0 | D:1      | Reached XP level 1. HP: 9/9 MP: 4/4
   468 | D:1      | Reached skill level 1 in Stealth
   468 | D:1      | Reached XP level 2. HP: 13/13 MP: 6/6
   615 | D:1      | Reached XP level 3. HP: 7/16 MP: 7/7
   820 | D:1      | Learned a level 2 spell: Blink
   823 | D:1      | Learned a level 2 spell: Shroud of Golubria
  1509 | D:2      | Found a faded altar of an unknown god.
  1595 | D:2      | Reached XP level 4. HP: 3/20 MP: 5/8
  1599 | D:2      | HP: 1/20 [poisoned by an adder]
  1603 | D:2      | Succumbed to an adder's poison
  1604 | D:2      | Reached XP level 3. HP: 0/16 MP: 6/7
  1855 | D:2      | Reached skill level 1 in Charms
  2025 | D:2      | Reached XP level 4. HP: 20/20 MP: 5/8
  2181 | D:2      | Found a sacrificial altar of Ru.
  2258 | D:2      | Found a runed translucent door.
  2259 | D:2      | Noticed Crazy Yiuf
  2368 | D:3      | Learned a level 3 spell: Teleport Other
  3093 | D:3      | Reached skill level 5 in Translocations
  3438 | D:3      | Slain by a gnoll

Levels and vault maps discovered:
D:1:      dpeg_arrival_circle_labyrinth_a, layout_basic
D:2:      minmay_door_path, layout_rooms, marbit_many_paths,
          chequers_ecumenical_altar_island, uniq_crazy_yiuf_cottage
D:3:      lemuel_upstairs_altar, layout_basic, minmay_divided_ellipse

Skill      XL: |  1  2  3  4 |
---------------+-------------+-----
Stealth        | 1 2 |  2.5
Unarmed Combat | 3 |  3.5
Charms         | 1 |  1.7
Dodging        | 4 |  4.1
Translocations | 5 |  5.0
Fighting       | |  2.8
Spellcasting   | |  2.0

Action                   |  1- 3 |  4- 6 || total
-------------------------+-------+-------++-------
Melee: Unarmed           |   157 |   105 ||   262
       Bite              |    12 |     8 ||    20
       Punch             |     3 |       ||     3
 Cast: Shroud of Golubri |    13 |    11 ||    24
       Blink             |     1 |       ||     1
  Use: Potion            |     2 |     1 ||     3
 Stab: Sleeping          |     6 |     5 ||    11
       Distracted        |       |     1 ||     1
  Eat: Chunk             |    16 |     4 ||    20
Armor: Skin              |     7 |     5 ||    12
Dodge: Dodged            |   145 |    84 ||   229
